 Dungeon Crawl Stone Soup version 0.21.1-1-g345015fe64 (webtiles) character file.

32 Denreik the Shield-Bearer (level 3, 0/29 HPs)
             Began as a Formicid Fighter on May 21, 2018.
             Succumbed to Crazy Yiuf's poison
             ... on level 2 of the Dungeon.
             The game lasted 00:02:36 (1843 turns).

Denreik the Shield-Bearer (Formicid Fighter)        Turns: 1843, Time: 00:02:36

Health: 0/29       AC:  7    Str: 21    XL:     3   Next: 42%
Magic:  2/3        EV:  8    Int:  7    God:
Gold:   98         SH:  9    Dex: 10    Spells: 2/2 levels left

rFire    . . .     SeeInvis +   a - +0 quarterstaff
rCold    . . .     Gourm    .   c - +0 shield
rNeg     . . .     Faith    .   h - +0 scale mail
rPois    .         Spirit   .   (helmet unavailable)
rElec    .         Reflect  .   (no cloak)
rCorr    .         Harm     .   (no gloves)
MR       .....                  q - +0 pair of boots (curse)
Stlth    ..........             (no amulet)
HPRegen  0.09/turn              (no ring)
MPRegen  0.08/turn              (no ring)

@: lethally poisoned (0 -> -8), drained
A: permanent stasis, dig shafts and tunnels, four strong arms, antennae 3
a: Dig, Shaft Self


You were on level 2 of the Dungeon.
You were not hungry.

You visited 1 branch of the dungeon, and saw 2 of its levels.

You collected 98 gold pieces.

Inventory:

Hand Weapons
 a - a +0 quarterstaff (weapon)
 b - a +0 hunting sling
Missiles
 j - 17 bolts
 n - 4 curare-tipped needles
Armour
 c - a +0 shield (worn)
 h - a +0 scale mail (worn)
 q - a cursed +0 pair of boots (worn)
Scrolls
 e - a scroll of remove curse {unknown}
 g - a scroll of random uselessness {unknown}
 i - 3 scrolls of identify {unknown}
 l - a scroll of immolation {unknown}
 p - a scroll of magic mapping {unknown}
 s - a scroll of fear {unknown}
Potions
 d - a potion of might
 k - a potion of invisibility {unknown}
 m - a potion of haste {unknown}
 o - a potion of cancellation
 r - a potion of ambrosia {unknown}
Comestibles
 f - 5 rations


   Skills:
 + Level 3.5(3.3) Fighting
 - Level 2.0(1.7) Staves
 - Level 3.2(3.0) Armour
 * Level 5.0(4.7) Shields


You had 2 spell levels left.
You didn't know any spells.

Dungeon Overview and Level Annotations

Branches:
Dungeon (2/15)

Altars:
Okawaru
Yredelemnul

Annotations:
D:2 Crazy Yiuf


Innate Abilities, Weirdness & Mutations

You cannot be hasted, slowed, berserked, paralysed or teleported.
You can dig through walls and to a lower floor.
Your four strong arms can wield two-handed weapons with a shield.
You have a pair of large antennae on your head. (SInv)


Message History

You hit Crazy Yiuf.
Crazy Yiuf is almost dead.
You block Crazy Yiuf's attack.
Crazy Yiuf hits you with a quarterstaff of chaos.
You feel your power leaking away.
You hit Crazy Yiuf.
Crazy Yiuf is almost dead.
Crazy Yiuf hits you with a quarterstaff of chaos.
* * * LOW HITPOINT WARNING * * *
You are lethally poisoned!
You hit Crazy Yiuf.
Crazy Yiuf is almost dead.
* * * LOW HITPOINT WARNING * * *
You feel sick.
Crazy Yiuf hits you with a quarterstaff of chaos.
* * * LOW HITPOINT WARNING * * *
Crazy Yiuf burns you.
* * * LOW HITPOINT WARNING * * *
It was a potion of cancellation.
You feel magically purged.
You die...

#....#
#......#
♣....♣
#......#
♣...♣♣
#......#
♣♣.♣♣
#......#
♣.♣♣
#......#
♣♣.♣
#......#
♣.♣♣
#......#
♣♣.♣
#......#
#@#
########
#.g.#
#...#
#..)#
#####


You could see Crazy Yiuf.

Vanquished Creatures
  A dart slug (D:2)
  A leopard gecko (D:1)
  A bat (D:1)
  A giant cockroach (D:1)
  4 goblins
  4 hobgoblins
  2 jackals (D:2)
  5 kobolds (D:1)
  A quokka (D:2)
  2 frilled lizards
  4 rats
26 creatures vanquished.

Notes
Turn   | Place    | Note
-------+----------+-------------------------------------------
     0 | D:1      | Denreik the Formicid Fighter began the quest for the Orb.
     0 | D:1      | Reached XP level 1. HP: 18/18 MP: 1/1
    53 | D:1      | Reached skill level 4 in Shields
    74 | D:1      | Reached XP level 2. HP: 24/24 MP: 2/2
   484 | D:1      | Reached XP level 3. HP: 26/29 MP: 3/3
   880 | D:1      | You fall through a shaft!
   955 | D:2      | Found a basalt altar of Yredelemnul.
  1051 | D:2      | Found an iron altar of Okawaru.
  1390 | D:2      | Found a runed door.
  1627 | D:2      | Reached skill level 5 in Shields
  1829 | D:2      | Noticed Crazy Yiuf
  1842 | D:2      | HP: 1/29 [Crazy Yiuf/quarterstaff of chaos (2)]
  1843 | D:2      | Succumbed to Crazy Yiuf's poison

Skill      XL: |  1  2  3 |
---------------+----------+-----
Shields        | 4 5 |  5.0
Fighting       | |  3.5
Staves         | |  2.0
Armour         | |  3.2

Action                   || total
-------------------------++-------
Melee: Quarterstaff      ||   100
 Abil: Shaft Self        ||     1
  Use: Potion            ||     1
  Eat: Chunk             ||     3
Armor: Scale mail        ||    42
Dodge: Dodged            ||    27
Block: Shield            ||    58
